 Dungeon Crawl Stone Soup version 0.30-a0-137-gd8773701ce (webtiles) character file.

Game seed: 494391619715038000

533 Iusername the Slasher (level 7, -4/60 HPs)
             Began as a Minotaur Fighter on Sept 21, 2022.
             Killed by nerve-wracking pain
             ... invoked by a shadow imp
              (11 damage)
             ... on level 4 of the Dungeon.
             The game lasted 00:07:33 (5021 turns).

Iusername the Slasher (Minotaur Fighter)            Turns: 5021, Time: 00:07:35

Health: -4/60      AC: 10    Str: 21    XL:     7   Next: 4%
Magic:  6/6        EV: 10    Int:  5    God:
Gold:   185        SH:  5    Dex: 11    Spells: 6/6 levels left

rFire   . . .      SeeInvis .    a - +0 long sword
rCold   . . .      Faith    .    c - +0 buckler
rNeg    . . .      Spirit   .    b - +0 scale mail
rPois   .          Reflect  .    (helmet restricted)
rElec   .          Harm     .    w - +0 cloak
rCorr   .          Rampage  .    (no gloves)
Will    .....                    i - +0 pair of boots
Stlth   ..........               (no amulet)
HPRegen 0.20/turn                (no ring)
MPRegen 0.10/turn                (no ring)

@: no status effects
A: horns 2, retaliatory headbutt
a: no special abilities


You were on level 4 of the Dungeon.
You visited 1 branch of the dungeon, and saw 5 of its levels.

You collected 185 gold pieces.

Inventory:

Hand Weapons
 a - a +0 long sword (weapon)
Missiles
 p - 2 throwing nets (quivered)
Armour
 b - a +0 scale mail (worn)
 c - a +0 buckler (worn)
 i - a +0 pair of boots (worn)
 w - a +0 cloak (worn)
Jewellery
 g - a ring of positive energy
 x - a ring of willpower
Wands
 v - a wand of flame (7)
Scrolls
 f - a scroll of poison
 h - a scroll of vulnerability {unknown}
 j - 4 scrolls of magic mapping
 o - a scroll of enchant weapon {unknown}
 q - 3 scrolls of blinking
 r - 2 scrolls of torment
 s - a scroll of silence {unknown}
 t - a scroll of summoning
 y - a scroll of fear {unknown}
Potions
 d - a potion of might
 k - a potion of magic
 l - 2 potions of flight {unknown}
 m - a potion of resistance {unknown}
 n - 2 potions of curing {unknown}
 u - 2 potions of mutation {unknown}


   Skills:
 + Level 4.8 Fighting
 + Level 5.8 Long Blades
 + Level 5.5 Armour
 + Level 2.2 Dodging
 + Level 0.6 Stealth
 + Level 5.0 Shields


You had 6 spell levels left.
You didn't know any spells.
Your spell library contained the following spells:

 Spells                   Type           Power      Damage    Failure   Level
 Summon Small Mammal      Summ           0%         N/A       87%         1
 Call Canine Familiar     Summ           0%         N/A       99%         3
 Summon Guardian Golem    Hex/Summ       0%         N/A       99%         3
 Orb of Destruction       Conj           0%         9d5       100%        7
 Spellforged Servitor     Conj/Summ      0%         N/A       100%        7


Dungeon Overview and Level Annotations

Branches:
Dungeon (5/15)
 Temple: D:4-7

Altars:
Ru
Uskayaw


Innate Abilities, Weirdness & Mutations

You have a pair of horns on your head.
You reflexively headbutt those who attack you in melee.


Message History

The shadow imp closely misses you. You block the black bear's attack.
The black bear misses you.
The black bear claws you but does no damage.
The adder closely misses you. The shadow imp barely misses you.
You furiously retaliate!
You headbutt the shadow imp! The shadow imp hits you.
The white imp moves out of view.
The black bear bites you! The black bear claws you. x2
* * * LOW HITPOINT WARNING * * *
The adder barely misses you. The black bear closely misses you.
You furiously retaliate!
You headbutt the black bear! The black bear barely misses you.
The black bear closely misses you.
The shadow imp hits you but does no damage. x2
You climb upwards.
There is a stone staircase leading down here.
The adder attacks as you move away! You block the adder's attack.
The shadow imp attacks as you move away!
You block the shadow imp's attack. The black bear misses you.
The black bear claws you.
* * * LOW HITPOINT WARNING * * *
The black bear closely misses you. The shadow imp gestures at you.
Pain shoots through your body!
* * * LOW HITPOINT WARNING * * *
You closely miss the black bear. You headbutt the black bear.
You kill the black bear!
The adder closely misses you. You furiously retaliate!
You headbutt the adder, but do no damage.
The adder misses you. You furiously retaliate!
You headbutt the adder, but do no damage.
The shadow imp hits you.
* * * LOW HITPOINT WARNING * * *
You have reached level 7!
Sorry, you're not good enough to have a special ability.
Welcome back, Iusername the Minotaur Fighter.
Press ? for a list of commands and other information.
It was a potion of magic.
Magic courses through your body. The adder bites you but does no damage.
The shadow imp gestures at you. Pain shoots through your body!
You die...

.....# ♣♣..P♣ #.### .....# ♣♣♣.♣
###.### .....# ######.# #PP.^P#
.#...####......# #....P# ###
.#.....##.########P._.P# #..
.............#...#PPP.P# ####.#
.##..............#.^^^P# ##....#
.#####........>5.####### ##......
.###...........S@.....# ##..P♣.♣.
...............5†.....# #...P♣♣♣.
.##...................# #(#..♣♣♣.
..#...................###.#...♣♣♣
#..#.........<...............♣♣♣.
.............................♣♣♣.
.##...#........................(#
#...............................#
#......##......#................#


You could see an adder and 2 shadow imps.

Vanquished Creatures
  A black bear (D:4)
  Blork the orc (D:4)
  A scorpion (D:4)
  A hound (D:4)
  Crazy Yiuf (D:3)
  Natasha (twice) (D:3)
  12 adders
  A river rat (D:3)
  4 worms
  3 dart slugs
  An orc (D:4)
  2 bats (D:2)
  5 endoplasms
  4 giant cockroaches
  6 goblins
  5 hobgoblins
  4 jackals (D:1)
  6 quokkas
  7 ball pythons
  3 frilled lizards
  3 kobolds
  8 rats
  A bush (D:4)
82 creatures vanquished.

Vanquished Creatures (others)
  A fungus (D:3)
  3 plants (D:4)
4 creatures vanquished.

Grand Total: 86 creatures vanquished

Notes
Turn   | Place    | Note
-------+----------+-------------------------------------------
     0 | D:1      | Iusername the Minotaur Fighter began the quest for the Orb.
     0 | D:1      | Reached XP level 1. HP: 19/19 MP: 0/0
   220 | D:1      | Reached XP level 2. HP: 26/26 MP: 1/1
   525 | D:2      | Reached XP level 3. HP: 5/33 MP: 2/2
  1490 | D:2      | Reached skill level 1 in Dodging
  1734 | D:3      | Noticed Natasha
  1737 | D:3      | Killed Natasha
  1738 | D:3      | Reached XP level 4. HP: 37/40 MP: 3/3
  1763 | D:3      | Found a faded altar of an unknown god.
  1962 | D:3      | HP: 2/40 [river rat (4)]
  1974 | D:3      | Reached XP level 5. HP: 15/46 MP: 4/4
  2297 | D:3      | Found a glowing drain.
  2784 | D:3      | Noticed Natasha
  2791 | D:3      | Killed Natasha
  3099 | D:3      | Found a runed translucent door.
  3100 | D:3      | Noticed Crazy Yiuf
  3109 | D:3      | HP: 2/46 [poisoned by Crazy Yiuf]
  3109 | D:3      | Killed Crazy Yiuf
  3852 | D:4      | Reached XP level 6. HP: 45/52 MP: 5/5
  3954 | D:4      | Found a sacrificial altar of Ru.
  4112 | D:4      | Reached skill level 5 in Long Blades
  4112 | D:4      | Reached skill level 5 in Armour
  4364 | D:4      | Found a hide-covered altar of Uskayaw.
  4458 | D:4      | Noticed Blork the orc
  4470 | D:4      | Killed Blork the orc
  4471 | D:4      | Reached skill level 5 in Shields
  5006 | D:5      | Entered Level 5 of the Dungeon
  5021 | D:4      | Reached XP level 7. HP: 7/60 MP: 6/6
  5021 | D:4      | Killed from afar by a shadow imp

Illustrated notes

Levels and vault maps discovered:
D:1:      dpeg_arrival_short_road, layout_basic
D:2:      layout_loops_cross
D:3:      layout_loops_corners, lightli_sewer_entry_pipes,
          ebering_ecumenical_altar_abandoned, minmay_splitting_lines,
          uniq_natasha, uniq_crazy_yiuf_cottage
D:4:      layout_rooms, nicolae_ru_the_path_less_chosen, lemuel_tele_altar,
          serial_forest, infiniplex_forest_straight_2,
          infiniplex_forest_lined_room_3, infiniplex_forest_zigzag_2,
          infiniplex_forest_clump_medium, infiniplex_forest_lined_2,
          infiniplex_forest_fountain, infiniplex_forest_lined_ring,
          infiniplex_forest_lined_2, infiniplex_forest_straight_2,
          uniq_blork_the_orc
D:5:      layout_rooms, serial_demonic, serial_demonic_b, serial_demonic_g,
          serial_demonic_c, serial_demonic_d, serial_demonic_e,
          serial_demonic_g, gammafunk_ghost_smash, minmay_misc_feat_enclosed,
          uniq_grinder, uniq_pikel, uniq_menkaure, uniq_ijyb

Skill      XL: |  1  2  3  4  5  6 |
---------------+-------------------+-----
Shields        | 4 5 |  5.0
Armour         | 4 5 |  5.5
Long Blades    | 3 4 5 |  5.8
Dodging        | 1 2 |  2.2
Fighting       | 4 |  4.8
Stealth        | |  0.6

Action                   |  1- 3 |  4- 6 |  7- 9 || total
-------------------------+-------+-------+-------++-------
Melee: Long sword        |    93 |   217 |       ||   310
       Headbutt          |     9 |    48 |       ||    57
  Use: Potion            |       |     4 |     1 ||     5
       Scroll            |       |     5 |       ||     5
Armor: Scale mail        |    41 |    85 |     1 ||   127
Dodge: Dodged            |    45 |    96 |       ||   141
Block: Buckler           |    21 |    35 |       ||    56

Table legend: (Time is in decaauts)
 A = Elapsed time spent in this place.
 B = Non-inter-level travel time spent in this place.
 C = Inter-level travel time spent in this place.
 D = Time resting spent in this place.
 E = Time spent auto-exploring this place.
 F = Levels seen in this place.
 G = Mean time per level.
                   A        B        C        D        E       F      G
               +--------+--------+--------+--------+--------+-----+--------+
         Total |   5154 |   4956 |    198 |   1878 |   2257 |   5 | 1030.8 |
       Dungeon |   5154 |   4956 |    198 |   1878 |   2257 |   5 | 1030.8 |
               +--------+--------+--------+--------+--------+-----+--------+

Top non-repeatable levels by time:
     D:3: 2313 daAuts
     D:4: 1181 daAuts
     D:2: 1138 daAuts
     D:1: 508 daAuts
     D:5: 12 daAuts
